AoeStats
← Reinforcement

Arabia

503616556Analyzed
1v1 RM · 1mo ago on Sep 1, 2026· 55m 45s· 2 players
Game mode
Random Map
Map size
Tiny (2 player)
Population
200
Speed
Normal
Resources
Standard
Victory
Conquest
Starting age
Dark Age
Ending age
Imperial Age
RankedLock teamsTeams togetherTeam positionsShared explorationLock speedFull tech treeHidden civsTurbo modeCheats
Victory
Defeat
🇹🇼 Huns · Taiwan
952
+38
🇷🇸 Franks · Serbia
901
-14
Reinforcement
7:05 Loom
9:44 Feudal Age
11:53 Double-Bit Axe
18:55 Wheelbarrow
21:43 Castle Age
20:36 Scale Barding Armor
20:42 Forging
23:44 Iron Casting
26:24 Gold Mining
26:24 Stone Mining
26:47 Husbandry
27:26 Bow Saw
28:35 Elite Skirmisher
30:30 Fletching
31:00 Chain Barding Armor
30:34 Town Watch
31:07 Hand Cart
33:16 Bodkin Arrow
34:25 Padded Archer Armor
39:23 Leather Archer Armor
45:09 Town Patrol
52:04 Imperial Age
52:21 Cavalier
55:55 Plate Barding Armor
qaz1227
6:36 Loom
9:46 Feudal Age
10:49 Double-Bit Axe
21:59 Castle Age
23:06 Wheelbarrow
22:31 Gold Mining
22:43 Fletching
22:54 Padded Archer Armor
23:58 Gold Shaft Mining
24:01 Bodkin Arrow
27:34 Bow Saw
29:28 Horse Collar
32:55 Pikeman
33:37 Squires
38:12 Ballistics
46:30 Imperial Age
44:41 Murder Holes
46:05 Hand Cart
46:59 Leather Archer Armor
48:23 Parthian Tactics
48:08 Bracer
51:34 Chemistry
50:49 Forging
50:30 Heavy Cavalry Archer
52:36 Conscription
53:18 Scale Mail Armor
54:19 Marauders
53:48 Elite Tarkan
55:21 Chain Mail Armor
Connection lost

Rejoining the realm…

Still unreachable

The connection could not be restored.

Session expired

The server has moved on; the page needs a fresh start.